AoeStats
← Lewy6594

Arabian Desert

509071919Analyzed
1v1 RM · 6d ago on Sep 25, 2026· 62m 26s· 2 players
Game mode
Random Map
Map size
Tiny (2 player)
Population
200
Speed
Normal
Resources
Standard
Victory
Conquest
Starting age
Dark Age
Ending age
Imperial Age
RankedLock teamsTeams togetherTeam positionsShared explorationLock speedFull tech treeHidden civsTurbo modeCheats
Victory
Defeat
🇵🇱 Persians · Poland
702
+15
🇲🇰 Portuguese · North Macedonia
685
-15
mladiot_starec
0:27 Loom
11:22 Feudal Age
17:03 Castle Age
27:43 Pikeman
35:31 Imperial Age
37:28 Chemistry
36:33 Siege Engineers
35:56 Halberdier
38:58 Gold Mining
38:59 Stone Mining
39:28 Scale Mail Armor
39:38 Forging
39:26 Elite Organ Gun
43:14 Arquebus
44:11 Block Printing
50:54 Ballistics
60:39 Bombard Tower
Lewy6594
4:48 Loom
12:22 Feudal Age
12:36 Horse Collar
12:42 Double-Bit Axe
14:03 Wheelbarrow
15:05 Gold Mining
16:14 Town Watch
19:57 Castle Age
20:29 Heavy Plow
20:44 Bow Saw
21:36 Bloodlines
21:46 Hand Cart
22:37 Forging
23:01 Stone Mining
24:04 Husbandry
27:22 Gold Shaft Mining
27:23 Stone Shaft Mining
26:42 Fletching
27:23 Fervor
28:00 Scale Barding Armor
28:32 Town Patrol
29:52 Ballistics
29:28 Murder Holes
34:47 Imperial Age
34:32 Bodkin Arrow
34:17 Light Cavalry
35:08 Crossbowman
35:55 Thumb Ring
36:40 Conscription
37:37 Citadels
38:53 Chemistry
38:03 Masonry
38:32 Hoardings
38:18 Kamandaran
39:13 Cavalier
40:26 Crop Rotation
41:01 Two-Man Saw
41:17 Savar
42:25 Padded Archer Armor
45:20 Iron Casting
46:03 Architecture
47:12 Chain Barding Armor
49:18 Blast Furnace
48:56 Plate Barding Armor
53:19 Leather Archer Armor
59:03 Ring Archer Armor
Connection lost

Rejoining the realm…

Still unreachable

The connection could not be restored.

Session expired

The server has moved on; the page needs a fresh start.